 Dungeon Crawl Stone Soup version 0.19.4-9-g45fd643 (webtiles) character file.

268 empire the Cutter (level 6, -11/51 HPs)
             Began as a Draconian Monk on Feb 17, 2017.
             Was a Believer of Dithmenos.
             Mangled by Prince Ribbit (17 damage)
             ... on level 5 of the Dungeon.
             The game lasted 00:05:19 (2963 turns).

empire the Cutter (Draconian Monk)                  Turns: 2963, Time: 00:05:20

Health: -11/51     AC:  6    Str: 13    XL:     6   Next: 1%
Magic:  6/6        EV: 13    Int: 11    God:    Dithmenos [**....]
Gold:   280        SH:  0    Dex: 15    Spells: 0 memorised, 5 levels left

rFire  . . .     SeeInvis .     a - +1 short sword
rCold  . . .     Gourm    .     (armour unavailable)
rNeg   . . .     Faith    .     (no shield)
rPois  .         Spirit   .     (helmet restricted)
rElec  .         Reflect  .     (no cloak)
rCorr  +         Harm     .     s - -1 pair of gloves (curse)
MR     .....                    (no boots)
Stlth  +++.......               h - amulet of magic regeneration
                                (no ring)
                                m - ring of resist corrosion

@: about to teleport, wreathed by umbra
A: unfitting armour, cold-blooded, AC +6
a: Shadow Step, Renounce Religion


You were on level 5 of the Dungeon.
You worshipped Dithmenos.
Dithmenos was pleased with you.
You were very hungry.

You visited 2 branches of the dungeon, and saw 6 of its levels.

You collected 280 gold pieces.

Inventory:

Hand Weapons
 a - a +1 short sword (weapon)
 u - a +0 great sword
Armour
 k - a +1 pair of gloves
 s - a cursed -1 pair of gloves (worn)
Jewellery
 h - an amulet of magic regeneration (around neck)
 m - a ring of resist corrosion (left hand)
Scrolls
 c - 3 scrolls of identify
 i - a scroll of teleportation
 n - a scroll of immolation
 r - a scroll of amnesia
Potions
 e - a potion of haste {unknown}
 f - 2 potions of curing {unknown}
 g - a potion of degeneration {unknown}
 j - 2 potions of mutation
 l - a potion of flight {unknown}
 o - a potion of lignification {unknown}
 q - a potion of heal wounds {unknown}
Comestibles
 b - 4 bread rations
 d - 2 beef jerkies
 p - 2 meat rations
 v - a slice of pizza


   Skills:
 - Level 3.2 Fighting
 + Level 4.9 Short Blades
 + Level 3.3 Dodging
 + Level 4.2 Stealth


You had 5 spell levels left.
You didn't know any spells.

Dungeon Overview and Level Annotations

Branches:
Dungeon (5/15)             Temple (1/1) D:4

Altars:
Ashenzari
Dithmenos
Elyvilon
Fedhas
Gozag
Hepliaklqana
Kikubaaqudgha
Makhleb
Okawaru
Qazlal
Sif Muna
Uskayaw
Xom
Yredelemnul
Zin
The Shining One

Annotations:
D:5 Prince Ribbit


Innate Abilities, Weirdness & Mutations

Your plain brown scales are hard. (AC +6)
You cannot fit into any form of body armour.
You are cold-blooded and may be slowed by cold attacks.


Message History

Prince Ribbit hops awkwardly around.
Prince Ribbit hits you!
* * * LOW HITPOINT WARNING * * *
You completely miss Prince Ribbit.
Prince Ribbit is heavily wounded.
Prince Ribbit misses you.
You closely miss Prince Ribbit. You tail-slap Prince Ribbit.
Prince Ribbit is heavily wounded.
Prince Ribbit hits you.
* * * LOW HITPOINT WARNING * * *
As you read the scroll labeled CIMUIDWO BECO, it crumbles to dust.
It is a scroll of enchant armour.
Your +0 pair of gloves glows green for a moment.
Prince Ribbit closely misses you.
As you read the scroll of teleportation, it crumbles to dust.
You feel strangely unstable. Prince Ribbit hits you.
* * * LOW HITPOINT WARNING * * *
Prince Ribbit misses you. Prince Ribbit hits you!
You die...

##.# ... #.. #.# #.#
###'### ######.S...#
###### #....#F....# #.....
#.#..'@._..+.#####.....
#.#...##.....#...........
##......#.....#######.^...
#.......###+### #.....
...######.#..# #####. ##
#...# ## #.############# #
#.............#####
#############......


You could see Prince Ribbit and an adder.

Vanquished Creatures
  A scorpion (D:4)
  A hound (D:4)
  2 bullfrog skeletons (D:4)
  2 worker ants (D:4)
  3 adders
  2 oozes
  An adder skeleton (D:4)
  2 leopard geckos (D:2)
  4 orcs (D:3)
  2 giant cockroaches
  A goblin (D:2)
  4 hobgoblins
  4 kobolds
  A quokka (D:3)
  8 bats
  2 frilled lizards
  A jackal skeleton (D:4)
  A leopard gecko skeleton (D:4)
  10 rats
52 creatures vanquished.

Notes
Turn   | Place    | Note
-------+----------+-------------------------------------------
     0 | D:1      | empire the Draconian Monk began the quest for the Orb.
     0 | D:1      | Reached XP level 1. HP: 19/19 MP: 1/1
   170 | D:1      | Reached XP level 2. HP: 17/26 MP: 2/2
   876 | D:2      | Reached XP level 3. HP: 31/31 MP: 3/3
  1251 | D:3      | Found a shattered altar of Ashenzari.
  1587 | D:3      | Found a burning altar of Makhleb.
  1685 | D:3      | Found a hazy altar of Hepliaklqana.
  1758 | D:4      | Reached XP level 4. HP: 34/38 MP: 4/4
  1796 | D:4      | Found a staircase to the Ecumenical Temple.
  1805 | Temple   | Entered the Ecumenical Temple
  1874 | Temple   | Became a worshipper of Dithmenos the Shadowed
  1874 | Temple   | Reached * piety under Dithmenos
  1874 | Temple   | Reached ** piety under Dithmenos
  1940 | D:4      | Reached XP level 5. HP: 39/45 MP: 5/5
  2572 | D:4      | Reached XP level 6. HP: 33/51 MP: 6/6
  2894 | D:5      | Entered Level 5 of the Dungeon
  2947 | D:5      | Found an ancient bone altar of Kikubaaqudgha.
  2953 | D:5      | Noticed Prince Ribbit
  2963 | D:5      | Mangled by Prince Ribbit

Skill      XL: |  1  2  3  4  5 |
---------------+----------------+-----
Stealth        | 2 3 4 |  4.2
Short Blades   | 4 |  4.9
Dodging        | 3 |  3.3
Fighting       | |  3.2

Action                   |  1- 3 |  4- 6 || total
-------------------------+-------+-------++-------
Melee: Short sword       |   109 |   107 ||   216
       Tailslap          |     8 |    12 ||    20
  Use: Scroll            |     8 |     3 ||    11
 Stab: Sleeping          |     6 |     4 ||    10
  Eat: Chunk             |     2 |     3 ||     5
Armor: Skin              |    37 |    14 ||    51
Dodge: Dodged            |    85 |    76 ||   161
